 Dungeon Crawl Stone Soup version 0.29.1-2-gbd0b4ee654 (webtiles) character file.

Game seed: 9881023582709763437

25 DemonSlayer the Firebug (level 2, -1/19 HPs)
             Began as a Demonspawn Fire Elementalist on Nov 22, 2022.
             Slain by Terence
             ... wielding a +1 flail of protection
              (12 damage)
             ... on level 2 of the Dungeon.
             The game lasted 00:03:28 (1839 turns).

DemonSlayer the Firebug (DsFE)                      Turns: 1839, Time: 00:03:29

Health: -1/19      AC:  3    Str:  8    XL:     2   Next: 82%
Magic:  5/5        EV: 11    Int: 16    God:
Gold:   64         SH:  0    Dex: 13    Spells: 2/5 levels left

rFire   . . .      SeeInvis .   h - +0 dagger
rCold   . . .      Faith    .   (no shield)
rNeg    + . .      Spirit   .   j - +0 leather armour
rPois   .          Reflect  .   (no helmet)
rElec   .          Harm     .   (no cloak)
rCorr   .          Rampage  .   (no gloves)
Will    .....                   (no boots)
Stlth   ++........              (no amulet)
HPRegen 0.06/turn               f - ring of positive energy
MPRegen 0.09/turn               (no ring)

@: brilliant, flying
A: demonic magic 1
a: no special abilities


You were on level 2 of the Dungeon.
You visited 1 branch of the dungeon, and saw 2 of its levels.

You collected 64 gold pieces.

Inventory:

Hand Weapons
 h - a +0 dagger (weapon)
Armour
 j - a +0 leather armour (worn)
Jewellery
 f - a ring of positive energy (left hand)
Scrolls
 c - a scroll of brand weapon {unknown}
 g - 2 scrolls of identify {unknown}
Potions
 i - a potion of lignification {unknown}


   Skills:
 + Level 1.7 Dodging
 + Level 2.1 Stealth
 + Level 2.2 Spellcasting
 + Level 1.1 Conjurations
 + Level 3.3 Fire Magic


You had 2 spell levels left.
You knew the following spells:

 Your Spells              Type           Power      Damage    Failure   Level
a - Foxfire               Conj/Fire      52%        2x1d6     12%         1
b - Scorch                Fire           36%        2d7       12%         2

Your spell library contained the following spells:

 Spells                   Type           Power      Damage    Failure   Level
 Conjure Flame            Conj/Fire      13%        6-21      34%         3
 Inner Flame              Hex/Fire       10%        N/A       41%         3
 Flame Wave               Conj/Fire      13%        2d6       75%         4


Dungeon Overview and Level Annotations

Branches:
Dungeon (2/15)

Altars:

Annotations:
D:2 Terence


Innate Abilities, Weirdness & Mutations

Spells you cast may paralyse adjacent enemies.


Message History

Terence shouts!
Terence is nearby!
Terence is nearby!
You miscast Foxfire.
You are very lightly contaminated with residual magic.
Nothing appears to happen.
You conjure some foxfire!
Malevolent energies surge around you.
The foxfire hits Terence but does no damage.
You conjure some foxfire!
Malevolent energies surge around you.
You conjure some foxfire!
Malevolent energies surge around you.
The foxfire hits Terence but does no damage. x3
Terence hits you with a +1 flail of protection.
You miscast Foxfire.
Nothing appears to happen.
The foxfire hits Terence but does no damage. x2
Terence barely misses you.
Okay, then.
Okay, then.
It was a potion of ambrosia.
You are confused.
You feel invigorated. Terence closely misses you.
Terence hits you but does no damage.
You miss Terence. Terence closely misses you.
You hit Terence but do no damage. Terence closely misses you.
You bump into the rock wall.
You feel less invigorated.
You feel less confused. Terence barely misses you.
Terence attacks as you move away!
Terence hits you with a +1 flail of protection.
It was a potion of brilliance.
You feel clever all of a sudden. Terence barely misses you.
It was a potion of heal wounds.
You feel much better.
Terence hits you with a +1 flail of protection!
Your magical contamination has completely faded away.
It was a potion of flight.
You feel very buoyant.
You fly up into the air.
Terence hits you with a +1 flail of protection!
Ouch! That really hurt!
You die...

.######.#### ....
...........##...##
.###.#####........
#.##.##.##.....
#.#.#...# .##.
#.##.##.# #
#.......#
##.#.##.# #.#.##@#
#.#<..@# #.###..#
#.###..# #......#
#####.## #...#
####.####
#.......#


You could see Terence.

Vanquished Creatures
  2 endoplasms (D:1)
  2 hobgoblins
  4 jackals (D:1)
  2 quokkas (D:1)
  2 ball pythons (D:1)
  A bat (D:1)
  2 frilled lizards
  4 goblins
  2 kobolds (D:1)
  3 rats (D:1)
24 creatures vanquished.

Vanquished Creatures (others)
  66 foxfires
66 creatures vanquished.

Grand Total: 90 creatures vanquished

Notes
Turn   | Place    | Note
-------+----------+-------------------------------------------
     0 | D:1      | DemonSlayer the Demonspawn Fire Elementalist began the
                  | quest for the Orb.
     0 | D:1      | Reached XP level 1. HP: 13/13 MP: 3/3
   276 | D:1      | Reached skill level 3 in Fire Magic
   278 | D:1      | Gained mutation: Spells you cast may paralyse adjacent
                  | enemies. [demonic ancestry]
   278 | D:1      | Reached XP level 2. HP: 6/19 MP: 1/5
   976 | D:1      | Found a faded altar of an unknown god.
  1674 | D:1      | Learned a level 2 spell: Scorch
  1812 | D:2      | Noticed Terence
  1839 | D:2      | Slain by Terence

Illustrated notes

Levels and vault maps discovered:
D:1:      doesnt_arrival_eight_statues, layout_basic,
          chequers_ecumenical_altar_island
D:2:      layout_loops_cross, minmay_tromino_v7, uniq_terence, uniq_jessica

Skill      XL: |  1  2 |
---------------+-------+-----
Fire Magic     | 3 |  3.3
Stealth        | 2 |  2.1
Dodging        | |  1.7
Spellcasting   | |  2.2
Conjurations   | |  1.1

Action                   || total
-------------------------++-------
Melee: Short sword       ||    11
       Unarmed           ||     1
       Dagger            ||    10
 Cast: Foxfire           ||    39
  Use: Potion            ||     5
 Stab: Sleeping          ||     3
       Paralysed         ||     5
Armor: Robe              ||     3
       Leather armour    ||     1
Dodge: Dodged            ||    32
